 Dungeon Crawl Stone Soup version 0.18-a0-1157-g59db91b (console) character file.

29477 DrAs the Covert (level 13, -8/113 HPs)
             Began as a Mottled Draconian Assassin on Jan 22, 2016.
             Was an Initiate of Gozag.
             Mangled by a polar bear (20 damage)
             ... on level 1 of the Lair of Beasts on Jan 23, 2016.
             The game lasted 01:52:27 (18842 turns).

DrAs the Covert (Mottled Draconian Assassin)       Turns: 18842, Time: 01:52:28

Health: -8/113     AC: 21    Str: 14      XL:     13   Next: 15%
Magic:  20/20      EV: 17    Int: 10 (12) God:    Gozag
Gold:   1783       SH:  0    Dex: 17      Spells: 0 memorised, 12 levels left

rFire  . . .     SeeInvis .     a - +4 quarterstaff (protect) {for fuck's sake crawl this is not a staff}
rCold  + + .     Gourm    .     (armour unavailable)
rNeg   . . .     Faith    .     (shield currently unavailable)
rPois  .         Spirit   .     C - +2 hat {aux}
rElec  .         Dismiss  +     E - +1 cloak {MR+} {aux}
rCorr  +         Reflect  .     W - +0 pair of gloves {aux}
SustAt .         Harm     .     g - +2 pair of boots {run} {aux}
MR     ++...     Rnd*Tele +     Z - amulet "Fasoa" {Dismiss rC+ MR+}
Stlth  ++++......               v - ring of resist corrosion
                                c - ring of protection from cold

@: gold aura, quick, very resistant to hostile enchantments, stealthy
A: breathe sticky flame splash, unfitting armour, teleportitis 1, cold-blooded,
AC +8
a: Breathe Sticky Flame, Potion Petition, Call Merchant, Bribe Branch, Renounce
Religion


You were on level 1 of the Lair of Beasts.
You worshipped Gozag.
Gozag was noncommittal.
You were very hungry.

You visited 3 branches of the dungeon, and saw 14 of its levels.
You also visited: Ossuary and Ice Cave.

You collected 4179 gold pieces.
You spent 1664 gold pieces at shops.
You paid 732 gold pieces to Gozag.


Innate Abilities, Weirdness & Mutations

You can spit globs of burning liquid.
You can ignite nearby creatures when you spit burning liquid.
Your weird mottled scales are hard (AC +8).
Your body does not fit into most forms of armour.
You are cold-blooded and may be slowed by cold attacks.
You are occasionally teleported next to monsters.


   Skills:
 - Level 10.0 Fighting
 - Level 2.6 Short Blades
   Level 2.2(7.1) Maces & Flails
 + Level 10.5(10.6) Staves
 - Level 7.0 Throwing
 - Level 6.9 Dodging
 - Level 11.4 Stealth
 - Level 9.4 Evocations


You had 12 spell levels left.
You didn't know any spells.

Inventory:

Hand Weapons
 a - a +4 quarterstaff of protection (weapon) {for fuck's sake crawl this is not a staff}
   (You took it off Joseph on level 7 of the Dungeon)
 b - the +0 dagger of Xekhlam {pierce, rF+ Int+2 Dex+4}
   (You took it off a big kobold on level 7 of the Dungeon)

   It inflicts extra damage upon your enemies.
   It affects your intelligence (+2).
   It affects your dexterity (+4).
   It protects you from fire.
 q - a +3 blowgun
   (You found it in an ice cave)
 N - a +2 short sword of electrocution
   (You took it off an orc warrior on level 10 of the Dungeon)
 O - a +2 rapier of venom {spiders' death}
   (You found it in an ice cave)
 U - the +2 long sword of the Desert {freeze, +Blink rN++ MP+9 Int-2}
   (You found it in an ice cave)

   It has been specially enchanted to freeze those struck by it, causing extra
   injury to most foes and up to half again as much damage against particularly
   susceptible opponents.
   It can also slow down cold-blooded creatures.
   It affects your intelligence (-2).
   It greatly protects you from negative energy.
   It affects your magic capacity (+9).
   It lets you blink.
Missiles
 d - 26 poisoned needles
 r - 2 javelins {=f}
 s - 22 stones
 B - a curare-tipped needle {=g=f!f}
 M - 6 tomahawks (quivered) {=f}
Armour
 g - a +2 pair of boots of running (worn) {aux}
   (You bought it in a shop on level 12 of the Dungeon)
 C - a +2 hat (worn) {aux}
   (You bought it in a shop on level 7 of the Dungeon)
 D - a +1 hat of intelligence {aux}
   (You found it on level 3 of the Dungeon)
 E - a +1 cloak of magic resistance (worn) {aux}
   (You bought it in a shop on level 12 of the Dungeon)
 W - a +0 pair of gloves (worn) {aux}
   (You bought it in a shop on level 12 of the Dungeon)
Jewellery
 c - a ring of protection from cold (left hand)
   (You bought it in a shop on level 7 of the Dungeon)
 v - a ring of resist corrosion (right hand)
   (You found it on level 1 of the Lair of Beasts)
 A - an uncursed ring of protection from cold
   (You found it in an ice cave)
 Z - the amulet "Fasoa" (around neck) {Dismiss rC+ MR+}
   (You found it in an ice cave)

   [amulet of dismissal]

   It may teleport away creatures that harm you.
   It protects you from cold.
   It affects your resistance to hostile enchantments.
Wands
 e - a wand of polymorph (4/24) {!v}
   (You found it in an ice cave)
 f - a wand of fire (2/15) {!v}
   (You took it off an orc on level 10 of the Dungeon)
 P - a wand of flame (15/48) {!v}
   (You found it in an ice cave)
 Q - a wand of teleportation (4/9) {!d!v}
   (You took it off an orc warrior on level 10 of the Dungeon)
 S - a wand of cold (9/15) {!v}
   (You found it in an ice cave)
 T - a wand of paralysis (4/24) {!v}
   (You found it on level 11 of the Dungeon)
 V - a wand of cold (3/15) {!v}
   (You found it on level 7 of the Dungeon)
 X - a wand of digging (15/24) {!v}
   (You found it on level 8 of the Dungeon)
Scrolls
 i - 5 scrolls of remove curse {!r}
 o - a scroll of brand weapon {!r, unknown}
 p - 2 scrolls of fog {!r}
 t - a scroll of silence {!r}
 u - 3 scrolls of enchant weapon {!r}
 F - 6 scrolls of teleportation {!r}
 I - 2 scrolls of magic mapping {!r}
 J - 4 scrolls of immolation {!r, unknown}
 R - 3 scrolls of noise {!r, unknown}
Potions
 j - 3 potions of agility {!q}
 l - 2 potions of haste {!q}
 m - 3 potions of curing {!q}
 w - 3 potions of resistance {!q}
 x - 3 potions of flight {!q}
 y - 6 potions of heal wounds {!q}
 G - 2 potions of lignification {!q}
 H - a potion of invisibility {!q}
 K - 2 potions of ambrosia {!q}
 L - 2 potions of cancellation {!q}
Comestibles
 h - 9 slices of pizza {!e}
 k - 3 bread rations {!e}
 n - 3 meat rations {!e}


Message History

Tha polar bear claws ye but does nay damage.
Tha polar bear misses ye.
Ye sock tha polar bear!
Tha polar bear be heavily wounded.
Tha polar bear bites ye but does nay damage.
Tha polar bear claws ye but does nay damage.
Tha polar bear claws ye.
Ye completely miss tha polar bear.
Ye tail-slap tha polar bear, but do nay damage.
Tha polar bear be heavily wounded.
Tha polar bear bites ye!
Tha polar bear barely misses ye.
Tha polar bear completely misses ye.
Ye be too injured ta fight recklessly!
Ye be too injured ta fight recklessly!
Ye be too injured ta fight recklessly!
Ye be too injured ta fight recklessly!
Ye hit tha polar bear.
Tha polar bear be heavily wounded.
Ye hit tha polar bear but do nay damage.
Tha polar bear be heavily wounded.
Ye closely miss tha polar bear.
Tha polar bear be heavily wounded.
Tha polar bear barely misses ye.
Tha polar bear claws ye but does nay damage.
Tha polar bear misses ye.
Ye swin' at nuthin'.
Ye swin' at nuthin'.
Ye hit tha polar bear.
Tha polar bear be heavily wounded.
Tha polar bear bites ye but does nay damage.
Tha polar bear claws ye but does nay damage.
Tha polar bear closely misses ye.
Tha polar bear growls angrily.
Ye sock tha polar bear!
Tha polar bear be severely wounded.
Tha polar bear bites ye.
Tha polar bear closely misses ye.
Tha polar bear claws ye but does nay damage.
Ye hit tha polar bear.
Tha polar bear be severely wounded.
Tha polar bear misses ye.
Tha polar bear claws ye but does nay damage.
Tha polar bear closely misses ye.
Ye sock tha polar bear!
Ye kill tha polar bear!
Ye hit tha polar bear but do nay damage.
Tha polar bear be moderately wounded.
Tha polar bear completely misses ye. x2
Tha polar bear claws ye but does nay damage.
Ye hit tha polar bear but do nay damage.
Tha polar bear be moderately wounded.
Tha polar bear bites ye.
Tha polar bear claws ye but does nay damage.
Tha polar bear completely misses ye.
Ye hit tha polar bear.
Tha polar bear be moderately wounded.
Tha polar bear barely misses ye.
Tha polar bear claws ye but does nay damage. x2
Ye sock tha polar bear!
Tha polar bear be heavily wounded.
Ye hit tha polar bear.
Tha polar bear be heavily wounded.
Tha polar bear bites ye!!
Tha polar bear claws ye but does nay damage.
Tha polar bear misses ye.
Ye thump tha polar bear!
Tha polar bear be severely wounded.
Tha polar bear barely misses ye.
Tha polar bear claws ye but does nay damage.
Tha polar bear barely misses ye.
Ye hit tha polar bear.
Tha polar bear be severely wounded.
Tha polar bear goes berserk!
Ye hit tha polar bear but do nay damage.
Tha polar bear be severely wounded.
Tha polar bear completely misses ye.
Tha polar bear closely misses ye.
Tha polar bear claws ye but does nay damage.
Ye hit tha polar bear.
Tha polar bear be severely wounded.
Tha polar bear bites ye!!
Tha polar bear claws ye but does nay damage.
Tha polar bear closely misses ye.
Ye completely miss tha polar bear.
Tha polar bear be severely wounded.
Tha polar bear bites ye.
* * * LOW HITPOINT WARNIN'
* * * Tha polar bear closely misses ye.
Tha polar bear completely misses ye.
Ye sock tha polar bear!
Tha polar bear be almost dead.
Tha polar bear bites ye!
* * * LOW HITPOINT WARNIN'
* * * Tha polar bear closely misses ye.
Tha polar bear claws ye but does nay damage.
Ye hit tha polar bear.
Tha polar bear be almost dead.
Tha polar bear bites ye!
* * * LOW HITPOINT WARNIN'
* * * Tha polar bear misses ye.
Tha polar bear closely misses ye.
Tha polar bear bites ye!!
Ye die...
Yer body crumbles inta a pile o' gold.

# ###### ## ### ##
###.#..######.#####.############P
.................................
........#.#.P.###................
#..P....###.######...............
........#.......#................
........#.......##...............
...#....#.......#h...............
...#............™#...............
...#....#####..###h..............
...#......###..##................
.#................h..............
.................................
...............##...####.........
...............P##....###.[......
................##.#....#.P......
...............##..##P.##........


You could see a polar bear (berserk).

Vanquished Creatures
  A frost giant (IceCv)
  2 hydras
  5 hill giants
  2 unseen horrors
  A cyclops (D:12)
  A manticore (D:11)
  Joseph (D:7)
  An ice statue (IceCv)
  A gargoyle (D:10)
  A spiny frog (D:10)
  A kobold demonologist (D:12)
  4 trolls
  10 polar bears
  2 shadows (D:11)
  A wraith (D:9)
  A human (D:12)
  A hog (D:12)
  34 yaks
  A basilisk (D:12)
  2 wargs (D:11)
  A hippogriff (D:10)
  14 wolves (IceCv)
  A water moccasin (Lair:1)
  A porcupine (Lair:1)
  4 ice beasts
  4 sky beasts
  10 orc warriors
  3 black bears
  A phantom (D:8)
  A wasp (D:9)
  10 ogres
  A necrophage (D:9)
  14 centaurs
  2 crocodiles (Lair:1)
  An elf zombie (D:9)
  3 big kobolds
  A gnoll sergeant (D:6)
  6 giant frogs
  4 scorpions
  A troll zombie (D:9)
  7 killer bees
  19 wights
  2 crimson imps
  A giant frog zombie (D:12)
  6 centaur zombies
  2 jellies
  A giant frog skeleton (D:10)
  5 hounds
  3 quasits
  4 centaur skeletons
  12 orc priests
  14 orc wizards
  5 iguanas
  Terence (D:3)
  A human skeleton (D:9)
  6 human zombies (D:9)
  12 worker ants
  A sheep (D:12)
  A big kobold zombie (Ossuary)
  A hound zombie (Ossuary)
  4 hound skeletons
  6 mummies
  2 worker ant zombies
  11 gnolls
  10 adders
  3 shadow imps
  An ooze (D:1)
  An adder skeleton (D:4)
  3 adder zombies
  3 worms
  3 giant geckos
  73 orcs
  5 bats
  3 giant cockroaches
  8 hobgoblins
  2 jackals (D:3)
  2 quokkas
  A giant gecko zombie (D:5)
  5 giant newts
  6 goblins
  2 goblin zombies (Ossuary)
  A hobgoblin zombie (Ossuary)
  2 jackal skeletons (D:5)
  A jackal zombie (Ossuary)
  18 kobolds
  A kobold zombie (Ossuary)
  3 orc zombies
  A quokka zombie (D:8)
  5 rats
  A rat zombie (Ossuary)
  A spectral orc (D:5)
448 creatures vanquished.

Vanquished Creatures (others)
  2 polar bears (IceCv)
  A yak (IceCv)
  A wolf (IceCv)
  An orc (D:6)
5 creatures vanquished.

Grand Total: 453 creatures vanquished

Notes
Turn   | Place    | Note
--------------------------------------------------------------
     0 | D:1      | DrAs the Draconian Assassin began the quest for the Orb.
     0 | D:1      | Reached XP level 1. HP: 17/17 MP: 1/1
   342 | D:1      | Reached XP level 2. HP: 24/26 MP: 2/2
   918 | D:2      | Found a sparkling altar of Nemelex Xobeh.
  1141 | D:2      | Reached XP level 3. HP: 30/33 MP: 3/3
  1522 | D:2      | Found a shattered altar of Ashenzari.
  2033 | D:3      | Reached XP level 4. HP: 37/40 MP: 4/4
  2512 | D:3      | Noticed Terence
  2531 | D:3      | Killed Terence
  2531 | D:3      | Reached skill level 4 in Throwing
  2531 | D:3      | Reached XP level 5. HP: 46/46 MP: 5/5
  2938 | D:4      | Found a sand-covered staircase.
  2995 | D:4      | Reached XP level 6. HP: 52/52 MP: 6/6
  3037 | Ossuary  | Entered an ossuary
  3072 | Ossuary  | Reached skill level 1 in Maces & Flails
  3904 | D:4      | Found Himufrasm's Gadget Boutique.
  4163 | D:5      | Entered Level 5 of the Dungeon
  4170 | D:5      | Reached skill level 5 in Stealth
  4170 | D:5      | Reached XP level 7. HP: 58/58 MP: 7/7
  4170 | D:5      | Your scales start taking on a weird mottled colour.
  4338 | D:5      | Reached skill level 6 in Stealth
  4386 | D:5      | Found a basalt altar of Yredelemnul.
  4489 | D:5      | Reached skill level 1 in Dodging
  4640 | D:5      | Found a staircase to the Ecumenical Temple.
  4658 | Temple   | Entered the Ecumenical Temple
  4690 | Temple   | Became a worshipper of Gozag Ym Sagoz the Greedy
  5237 | D:5      | Reached XP level 8. HP: 66/66 MP: 8/8
  5310 | D:5      | Found an oddly glowing altar of Pakellas.
  5819 | D:6      | Reached skill level 5 in Dodging
  6105 | D:6      | Reached skill level 5 in Fighting
  6578 | D:7      | Reached skill level 7 in Fighting
  6613 | D:7      | Reached XP level 9. HP: 79/79 MP: 9/9
  6643 | D:7      | Found a deep blue altar of Sif Muna.
  6700 | D:7      | Noticed Joseph
  6723 | D:7      | Killed Joseph
  6723 | D:7      | Reached skill level 8 in Fighting
  6991 | D:7      | Reached skill level 9 in Fighting
  7263 | D:7      | Found Qoutaosi's General Store.
  7271 | D:7      | Bought a scroll of identify for 26 gold pieces
  7375 | D:7      | Found an ancient bone altar of Kikubaaqudgha.
  7376 | D:7      | Found a blossoming altar of Fedhas.
  7450 | D:7      | Got an ancient dagger {pierce}
  7451 | D:7      | Identified the cursed +0 dagger of Xekhlam {pierce, rF+ Int+2 Dex+4} (You took it off a big kobold on level 7 of the Dungeon)
  7646 | D:8      | Reached skill level 10 in Fighting
  7793 | D:8      | Reached skill level 5 in Throwing
  7990 | D:8      | Found a stormy altar of Qazlal.
  7990 | D:8      | Found a radiant altar of Vehumet.
  8717 | D:9      | Reached XP level 10. HP: 93/93 MP: 10/10
  8865 | D:9      | Reached skill level 1 in Staves
  9754 | D:9      | Found a basalt altar of Yredelemnul.
  9932 | D:9      | Reached skill level 5 in Staves
 10375 | D:10     | Entered Level 10 of the Dungeon
 10743 | D:10     | Killed an unseen horror
 11114 | D:10     | Found a roughly hewn altar of Beogh.
 11378 | D:10     | Noticed a gargoyle
 11391 | D:10     | Killed a gargoyle
 11570 | D:10     | Reached XP level 11. HP: 73/99 MP: 11/11
 11749 | D:10     | Found a staircase to the Lair.
 12205 | D:10     | Found a staircase to the Lair.
 12253 | D:10     | Found a roughly hewn altar of Beogh.
 12515 | D:10     | Noticed a hill giant
 12549 | D:10     | Killed a hill giant
 12549 | D:10     | Reached skill level 10 in Staves
 12773 | D:7      | Bought a potion of heal wounds for 65 gold pieces
 12773 | D:7      | Bought an uncursed ring of protection from cold for 325 gold pieces
 12773 | D:7      | Bought a +2 hat for 208 gold pieces
 12773 | D:7      | Bought a potion of agility for 52 gold pieces
 12902 | D:11     | Found a frozen archway.
 12987 | IceCv    | Entered an ice cave
 13190 | IceCv    | Reached skill level 1 in Evocations
 13394 | IceCv    | Got a scorched long sword
 13395 | IceCv    | Identified the +2 long sword of the Desert {freeze, +Blink rN++ MP+9 Int-2} (You found it in an ice cave)
 13869 | IceCv    | Reached skill level 5 in Evocations
 14104 | IceCv    | Got a faintly glowing diamond amulet
 14105 | IceCv    | Identified the amulet "Fasoa" {Dismiss rC+ MR+} (You found it in an ice cave)
 14574 | IceCv    | Reached XP level 12. HP: 88/106 MP: 18/18
 14700 | IceCv    | Noticed a frost giant
 14725 | IceCv    | Killed a frost giant
 15375 | D:11     | Found a staircase to the Orcish Mines.
 16148 | D:11     | Bought a scroll of identify for 30 gold pieces
 16148 | D:11     | Bought a scroll of enchant weapon for 112 gold pieces
 16148 | D:11     | Bought a scroll of fog for 30 gold pieces
 16148 | D:11     | Bought a scroll of identify for 30 gold pieces
 16200 | D:12     | Noticed Nessos
 16239 | D:12     | Noticed Borgoz's ghost (journeyman HOFi)
 16403 | D:12     | Reached skill level 10 in Stealth
 16653 | D:11     | Noticed a six-headed hydra
 16703 | D:11     | Killed a six-headed hydra
 16838 | D:12     | Reached skill level 11 in Stealth
 17385 | D:12     | Found Buismimu's Armour Boutique.
 17431 | D:12     | Reached XP level 13. HP: 104/113 MP: 20/20
 18078 | D:12     | Gained mutation: You are occasionally teleported next to monsters. [a neqoxec]
 18098 | D:12     | Bought a +0 pair of gloves for 67 gold pieces
 18098 | D:12     | Bought a +0 cloak of magic resistance for 172 gold pieces
 18098 | D:12     | Bought a +1 pair of boots of running for 547 gold pieces
 18442 | Lair:1   | Entered Level 1 of the Lair of Beasts
 18443 | Lair:1   | Upgraded the game from 0.18-a0-1147-g8e8348b to 0.18-a0-1157-g59db91b
 18842 | Lair:1   | HP: 12/113 [polar bear (13)]
 18842 | Lair:1   | Mangled by a polar bear

Vault maps used:
D:1:      lordsloth_arrival_two_stooges
D:2:      nemelex_deck, marbit_many_paths
D:3:      uniq_terence
D:4:      first_bread, serial_shops, kennysheep_mini, enter_ossuary_3
D:5:      nicolae_overflow_hidden_temple, yredelemnul_forgotten_temple_becter,
          temple_statues, serial_co_window_serial, co_window_paths_a,
          co_window_paths_a, co_window_paths_a, co_window_of_opportunity_a,
          co_window_of_opportunity_a, co_window_of_opportunity_b,
          co_window_corner_b, co_window_of_opportunity_b, co_window_broadway_a,
          co_window_corner_b, co_window_2corner, glass_columns_b,
          dk_noncrumbling_3, hangedman_abyss_or_decor_passed
D:7:      grunt_temple_overflow_growth_and_decay, serial_shops, shop,
          lemuel_blue_sif_altar, uniq_joseph
D:8:      gammafunk_temple_overflow_wave
D:9:      lemuel_mausoleum_altar_yredelemnul
D:10:     lair_0_dummy
D:11:     minmay_orc_entry_guard_dogs, portal_ice_cave_entry_pillars_02
D:12:     serial_shops, kennysheep_mini_moat, grunt_livestock,
          minmay_liquid_box, uniq_nessos
Temple:   circular_temple_12
Lair:1:   beast_lair_carwin_large_2
Ossuary:  ossuary_minmay_tomb_2a
IceCv:    ice_cave_caverns_02

Action                   |  1- 3 |  4- 6 |  7- 9 | 10-12 | 13-15 || total
-------------------------+-------+-------+-------+-------+-------++-------
Melee: Dagger            |    81 |    39 |     5 |    21 |     1 ||   147
       Flail             |       |    76 |   165 |       |       ||   241
       Quarterstaff      |       |       |   111 |   975 |    98 ||  1184
 Fire: Blowgun           |    21 |    21 |    44 |   154 |       ||   240
Throw: Stone             |    24 |    54 |    32 |     4 |       ||   114
       Javelin           |       |     7 |    52 |    36 |       ||    95
       Tomahawk          |       |    16 |     9 |    39 |     7 ||    71
       Throwing net      |       |       |       |     2 |       ||     2
Invok: Call Merchant     |       |       |       |     1 |       ||     1
 Abil: Breathe Sticky Fl |       |       |    12 |    17 |     1 ||    30
       Evoke Berserk Rag |       |       |     1 |       |       ||     1
Evoke: Wand              |       |       |       |     5 |     6 ||    11
       Deck              |       |       |       |     2 |       ||     2
  Use: Scroll            |       |    12 |     6 |    13 |     3 ||    34
       Potion            |       |       |       |     6 |       ||     6
 Stab: Sleeping          |    11 |     7 |    13 |    31 |     5 ||    67
       Distracted        |       |     1 |     5 |     4 |     1 ||    11
       Held in net/web   |       |       |       |     1 |       ||     1
       Paralysed         |       |       |       |       |     1 ||     1
  Eat: Chunk             |     3 |     5 |     3 |       |       ||    11
       Beef jerky        |       |     1 |     1 |     3 |       ||     5
       Bread ration      |       |       |     3 |     3 |       ||     6
       Meat ration       |       |       |       |     3 |       ||     3
       Fruit             |       |       |       |     3 |       ||     3
